 Dungeon Crawl Stone Soup version 0.22-a0-443-g17c3723 (webtiles) character file.

154 jerryfan the Vexing (level 5, -6/40 HPs)
             Began as a Gnoll Arcane Marksman on May 30, 2018.
             Killed from afar by Natasha (9 damage)
             ... with a magic dart
             ... on level 4 of the Dungeon on May 31, 2018.
             The game lasted 00:16:17 (3172 turns).

jerryfan the Vexing (Gnoll Arcane Marksman)         Turns: 3172, Time: 00:16:18

Health: -6/40      AC:  4    Str: 15    XL:     5   Next: 35%
Magic:  2/9        EV: 15    Int: 15    God:
Gold:   141        SH:  0    Dex: 16    Spells: 2/10 levels left

rFire    . . .     SeeInvis .   j - +1 whip (drain)
rCold    . . .     Gourm    .   (no shield)
rNeg     . . .     Faith    .   e - +0 robe
rPois    .         Spirit   .   c - +0 helmet
rElec    .         Reflect  .   (no cloak)
rCorr    .         Harm     .   (no gloves)
MR       .....                  r - +0 pair of boots
Stlth    ++........             (no amulet)
HPRegen  0.13/turn              u - ring of wizardry
MPRegen  0.11/turn              (no ring)

@: no status effects
A: distributed training, fangs 1, talons 1, screaming 1, strong 1, strong nose
a: no special abilities


You were on level 4 of the Dungeon.
You were not hungry.

You visited 1 branch of the dungeon, and saw 4 of its levels.

You collected 141 gold pieces.

Inventory:

Hand Weapons
 a - a +0 shortbow
 b - a +0 short sword
 j - a +1 whip of draining (weapon)
Missiles
 d - 21 arrows
 g - 94 stones (quivered)
Armour
 c - a +0 helmet (worn)
 e - a +0 robe (worn)
 r - a +0 pair of boots (worn)
Jewellery
 u - a ring of wizardry (left hand)
Scrolls
 i - a scroll of magic mapping {unknown}
 k - a scroll of amnesia
 l - a scroll of blinking {unknown}
 m - a scroll of fog {unknown}
 n - a scroll of immolation {unknown}
 o - 5 scrolls of remove curse
Comestibles
 f - 6 rations


   Skills:
 + Level 2.9 Fighting
 + Level 1.4 Short Blades
 + Level 1.4 Long Blades
 + Level 1.4 Axes
 + Level 1.4 Maces & Flails
 + Level 1.4 Polearms
 + Level 1.4 Staves
 + Level 1.4 Slings
 + Level 4.7 Bows
 + Level 1.4 Crossbows
 + Level 1.4 Throwing
 + Level 1.4 Armour
 + Level 4.7 Dodging
 + Level 1.4 Stealth
 + Level 1.4 Shields
 + Level 1.4 Unarmed Combat
 + Level 3.1 Spellcasting
 + Level 1.1 Conjurations
 + Level 5.5 Hexes
 + Level 1.1 Charms
 + Level 1.1 Summonings
 + Level 1.1 Necromancy
 + Level 1.1 Translocations
 + Level 1.1 Transmutations
 + Level 1.1 Fire Magic
 + Level 1.1 Ice Magic
 + Level 1.1 Air Magic
 + Level 1.1 Earth Magic
 + Level 1.1 Poison Magic
 + Level 1.6 Invocations
 + Level 1.4 Evocations


You had 2 spell levels left.
You knew the following spells:

 Your Spells              Type           Power        Failure   Level  Hunger
a - Corona                Hex            ###....      1%          1    #......
b - Slow                  Hex            ###.....     1%          2    ##.....
c - Inner Flame           Hex/Fire       ##......     6%          3    ###....
d - Sticks to Snakes      Tmut           #.......     8%          2    ##.....

Your spell library contained the following spells:

 Spells                   Type           Power        Failure   Level  Hunger
 Cause Fear               Hex            ###.......   9%          4    #####..
 Spider Form              Tmut/Pois      #.........   16%         3    ###....
 Blade Hands              Tmut           #.........   77%         5    ######.
 Ice Form                 Ice/Tmut       #.......     43%         4    #####..
 Portal Projectile        Hex/Tloc       ##....       6%          3    ###....
 Leda's Liquefaction      Hex/Erth       ##........   21%         4    #####..
 Beastly Appendage        Tmut           #.....       4%          1    #......


Dungeon Overview and Level Annotations

Branches:
Dungeon (4/15)
 Temple: D:4-7

Altars:
Nemelex Xobeh
Ru
Wu Jian
The Shining One

Annotations:
D:2 1 exclusion
D:3 2 transporters, 1 exclusion
D:4 Blork the orc, Grinder, Menkaure, Natasha


Innate Abilities, Weirdness & Mutations

Your experience applies equally to all skills.
You have very sharp teeth.
Your uncanny sense of smell can sniff out nearby items.
You have sharp toenails.
You occasionally shout uncontrollably at your foes.
Your muscles are strong. (Str +2)


Message History

Your ball python barely misses Blork the orc. x2
Grinder blinks!
Your ball python barely misses Blork the orc. x2
Casting: Sticks to Snakes (safe; 8% risk of failure)
Confirm with . or Enter, or press ? or * to list all spells.
You don't have enough magic to cast that spell.
Blork the orc hits you with a scimitar.
* * * LOW HITPOINT WARNING * * *
Blork the orc hits you with a scimitar!
* * * LOW HITPOINT WARNING * * *
Your ball python closely misses Blork the orc.
Your ball python barely misses Blork the orc.
Your ball python bites Blork the orc but does no damage.
Your ball python barely misses Blork the orc.
Blork the orc completely misses you.
Your ball python bites Blork the orc.
Your ball python grabs Blork the orc.
Your ball python constricts Blork the orc.
Natasha stares at you and mumbles some strange words.
The magic dart hits you!
You die...

#5.S. ########.#####.
#.....###..............#
.......5....####.#######
#......#M....###..#
...###....h...###.# #
##.....S.# .#
#......o###.###
##.............
#......@##.....
.....(.....>##..
##.......#### ##.....##
##...# ####


You could see Grinder, Blork the orc, Menkaure, Natasha and a friendly ball
python.

Vanquished Creatures
  9 adders
  An ooze (D:3)
  A worm (D:2)
  3 dart slugs
  A leopard gecko (D:2)
  A ball python (D:1)
  A giant cockroach (D:3)
  8 hobgoblins
  3 jackals (D:1)
  A quokka (D:3)
  4 bats
  2 frilled lizards (D:2)
  13 goblins
  4 kobolds
  11 rats
63 creatures vanquished.

Notes
Turn   | Place    | Note
-------+----------+-------------------------------------------
     0 | D:1      | jerryfan the Gnoll Arcane Marksman began the quest for the Orb.
     0 | D:1      | Reached XP level 1. HP: 17/17 MP: 4/4
   172 | D:1      | Reached XP level 2. HP: 23/23 MP: 5/5
   784 | D:2      | Reached XP level 3. HP: 28/28 MP: 7/7
   789 | D:2      | Learned a level 2 spell: Slow
   990 | D:2      | Reached skill level 1 in Invocations
   998 | D:2      | Reached skill level 1 in Short Blades
   998 | D:2      | Reached skill level 1 in Long Blades
   998 | D:2      | Reached skill level 1 in Axes
   998 | D:2      | Reached skill level 1 in Maces & Flails
   998 | D:2      | Reached skill level 1 in Polearms
   998 | D:2      | Reached skill level 1 in Staves
   998 | D:2      | Reached skill level 1 in Slings
   998 | D:2      | Reached skill level 1 in Crossbows
   998 | D:2      | Reached skill level 1 in Throwing
   998 | D:2      | Reached skill level 1 in Armour
   998 | D:2      | Reached skill level 1 in Stealth
   998 | D:2      | Reached skill level 1 in Shields
   998 | D:2      | Reached skill level 1 in Unarmed Combat
   998 | D:2      | Reached skill level 1 in Evocations
   998 | D:2      | Reached XP level 4. HP: 29/34 MP: 5/8
  1124 | D:2      | Learned a level 3 spell: Inner Flame
  1437 | D:2      | Found a sparkling altar of Nemelex Xobeh.
  1627 | D:2      | Reached skill level 1 in Conjurations
  1627 | D:2      | Reached skill level 1 in Charms
  1627 | D:2      | Reached skill level 1 in Summonings
  1627 | D:2      | Reached skill level 1 in Necromancy
  1627 | D:2      | Reached skill level 1 in Translocations
  1627 | D:2      | Reached skill level 1 in Transmutations
  1627 | D:2      | Reached skill level 1 in Fire Magic
  1627 | D:2      | Reached skill level 1 in Ice Magic
  1627 | D:2      | Reached skill level 1 in Air Magic
  1627 | D:2      | Reached skill level 1 in Earth Magic
  1627 | D:2      | Reached skill level 1 in Poison Magic
  1830 | D:2      | Found an ornate altar of the Wu Jian Council.
  2179 | D:3      | Reached XP level 5. HP: 40/40 MP: 9/9
  2341 | D:3      | Found a transporter.
  2423 | D:3      | Found a transporter.
  2853 | D:3      | Learned a level 2 spell: Sticks to Snakes
  2854 | D:3      | Found a sacrificial altar of Ru.
  2854 | D:3      | Found a glowing golden altar of the Shining One.
  2991 | D:4      | Noticed Menkaure
  3031 | D:3      | Upgraded the game from 0.22-a0-441-gcf5b0c6 to 0.22-a0-443-g17c3723
  3047 | D:3      | Gained mutation: Your muscles are strong. (Str +2) [potion of mutation]
  3047 | D:3      | Gained mutation: You occasionally shout uncontrollably at your foes. [potion of mutation]
  3047 | D:3      | Gained mutation: You have sharp toenails. [potion of mutation]
  3151 | D:4      | Noticed Grinder
  3155 | D:4      | Noticed Blork the orc
  3166 | D:4      | Noticed Natasha
  3169 | D:4      | HP: 2/40 [Blork the orc/scimitar (7)]
  3172 | D:4      | Killed from afar by Natasha

Vault maps used:
D:1:      scummos_arrival_star
D:2:      nicolae_overflow_crystal_walls, nicolae_overflow_hidden_temple
D:3:      gammafunk_wand_slinger, gammafunk_temple_overflow_wave,
          patterned_corridor
D:4:      first_ration, uniq_natasha, uniq_blork_the_orc, uniq_grinder,
          uniq_menkaure

Skill      XL: |  1  2  3  4 |
---------------+-------------+-----
Invocations    | 1 |  1.6
Short Blades   | 1 |  1.4
Long Blades    | 1 |  1.4
Axes           | 1 |  1.4
Maces & Flails | 1 |  1.4
Polearms       | 1 |  1.4
Staves         | 1 |  1.4
Slings         | 1 |  1.4
Crossbows      | 1 |  1.4
Throwing       | 1 |  1.4
Armour         | 1 |  1.4
Stealth        | 1 |  1.4
Shields        | 1 |  1.4
Unarmed Combat | 1 |  1.4
Evocations     | 1 |  1.4
Spellcasting   | 3 |  3.1
Conjurations   | 1 |  1.1
Charms         | 1 |  1.1
Summonings     | 1 |  1.1
Necromancy     | 1 |  1.1
Translocations | 1 |  1.1
Transmutations | 1 |  1.1
Fire Magic     | 1 |  1.1
Ice Magic      | 1 |  1.1
Air Magic      | 1 |  1.1
Earth Magic    | 1 |  1.1
Poison Magic   | 1 |  1.1
Fighting       | |  2.9
Bows           | |  4.7
Dodging        | |  4.7
Hexes          | |  5.5

Action                   |  1- 3 |  4- 6 || total
-------------------------+-------+-------++-------
Melee: Whip              |    15 |    38 ||    53
       Bite              |     1 |     1 ||     2
       Punch             |       |     1 ||     1
 Fire: Shortbow          |    67 |    78 ||   145
Throw: Stone             |       |     2 ||     2
 Cast: Corona            |     3 |     2 ||     5
       Slow              |     6 |     6 ||    12
       Sticks to Snakes  |       |     3 ||     3
       Inner Flame       |       |     1 ||     1
  Use: Scroll            |       |     5 ||     5
       Potion            |       |     5 ||     5
 Stab: Sleeping          |     1 |       ||     1
  Eat: Chunk             |       |     6 ||     6
       Ration            |       |     1 ||     1
Armor: Robe              |     8 |    16 ||    24
Dodge: Dodged            |    26 |    38 ||    64

Table legend:
 A = Spawn XP
 B = Non-spawn XP
 C = Spawn XP percentage of total XP
 D = Spawn monster count
 E = Non-spawn monster count
 F = Spawn count percentage of total count
 G = Total turns spent on level
                    A         B        C        D         E        F      G
               +---------+---------+-------+---------+---------+-------+---------
         Total |       0 |     220 |   0.0 |       0 |      63 |   0.0 |  3172
               +---------+---------+-------+---------+---------+-------+---------
           D:1 |       0 |      30 |   0.0 |       0 |      18 |   0.0 |   776
           D:2 |       0 |     125 |   0.0 |       0 |      28 |   0.0 |  1283
           D:3 |       0 |      39 |   0.0 |       0 |      15 |   0.0 |  1066
           D:4 |       0 |      26 |   0.0 |       0 |       2 |   0.0 |    47
               +---------+---------+-------+---------+---------+-------+---------
